 Dungeon Crawl Stone Soup version 0.22.0-75-g3901e79 (webtiles) character file.

46 whitewolfNL the Skirmisher (level 3, -4/40 HPs)
             Began as an Ogre Berserker on Sept 13, 2018.
             Was a Believer of Trog.
             Killed from afar by a white imp (7 damage)
             ... with a puff of frost
             ... summoned by Natasha
             ... on level 2 of the Dungeon.
             The game lasted 00:10:01 (1927 turns).

whitewolfNL the Skirmisher (Ogre Berserker)         Turns: 1927, Time: 00:10:05

Health: -4/40      AC:  3    Str: 21    XL:     3   Next: 68%
Magic:  12/12      EV: 10    Int:  8    God:    Trog [**....]
Gold:   72         SH:  0    Dex:  9    Spells: 2/2 levels left

rFire    . . .     SeeInvis .   r - -3 club (curse)
rCold    . . .     Gourm    .   (no shield)
rNeg     . . .     Faith    .   b - +0 animal skin
rPois    +         Spirit   .   (helmet restricted)
rElec    .         Reflect  .   (no cloak)
rCorr    .         Harm     .   (gloves unavailable)
MR       .....                  (boots unavailable)
Stlth    +.........             (no amulet)
HPRegen  0.13/turn              l - ring of magical power
MPRegen  0.13/turn              n - ring of poison resistance

@: no status effects
A: large, unfitting armour, tough skin 1
a: Berserk, Trog's Hand, Renounce Religion


You were on level 2 of the Dungeon.
You worshipped Trog.
Trog was pleased with you.
You were not hungry.

You visited 1 branch of the dungeon, and saw 2 of its levels.

You collected 72 gold pieces.

Inventory:

Hand Weapons
 a - a +0 spear
 c - a +0 club
 i - a +0 club
 j - a +0 dagger of speed
 r - a cursed -3 club (weapon)
 s - a +0 club
Missiles
 d - 63 stones (quivered)
 g - 45 arrows
 p - 16 poisoned needles
Armour
 b - a +0 animal skin (worn)
Jewellery
 l - a ring of magical power (left hand)
 n - a ring of poison resistance (right hand)
Potions
 k - 2 potions of curing {unknown}
 m - a potion of flight {unknown}
 t - a potion of ambrosia {unknown}
Comestibles
 q - a ration


   Skills:
 + Level 4.5 Fighting
 * Level 3.7 Polearms
 + Level 3.0 Dodging
 * Level 0.5 Stealth


You had 2 spell levels left.
You didn't know any spells.
Your spell library was empty.

Dungeon Overview and Level Annotations

Branches:
Dungeon (2/15)

Altars:
Trog

Annotations:
D:2 Natasha


Innate Abilities, Weirdness & Mutations

You are too large for most types of armour.
You have tough skin. (AC +1)


Message History

You closely miss the kobold.
The kobold is severely wounded.
Natasha barely misses you. The kobold hits you.
Natasha mumbles some strange words.
You closely miss the kobold.
The kobold is severely wounded.
The kobold hits you. Natasha claws you. The white imp barely misses you.
You hit Natasha.
Natasha is lightly wounded.
The kobold barely misses you. Natasha closely misses you.
The white imp gestures at you. The puff of frost hits you!
* * * LOW HITPOINT WARNING * * *
You hit Natasha but do no damage.
Natasha is lightly wounded.
The kobold hits you but does no damage. Natasha claws you.
* * * LOW HITPOINT WARNING * * *
The white imp gestures at you. The puff of frost hits you!
You die...

*,,_,,.....* #..
*,*,*,...?.###*********
#..
*,,,+,>,......,,,,,,,,*
#..
*****,,,,,....,,,,,,,,*
##. **,,*###.###*,,,,,*
#. *,,##.....##,,,.,* #,
#,,#..?....#,...,*******,
#..#....K..#....,,,,,,,,,
*#.....h@.......,,,,,,,,,
#.#....%5.#....,,,,,,,,,
#,#.......#....,,,,,,,,,
*,##.....##,###,,,,,,,,,
*,*###.###*,***,,,,,,,,,
*,,,,...,,,,,,,,,,,,,,,,
****....,,,,,**,,,,,,,,,
*####*******,,,,,,,,,
*,,,,,,,,,


You could see Natasha, a white imp and a kobold.

Vanquished Creatures
  An ooze (D:1)
  A worm (D:2)
  A dart slug (D:1)
  A leopard gecko (D:1)
  4 bats (D:1)
  2 giant cockroaches (D:1)
  7 goblins
  4 hobgoblins
  4 jackals (D:1)
  3 kobolds (D:1)
  A frilled lizard (D:1)
  5 rats
34 creatures vanquished.

Notes
Turn   | Place    | Note
-------+----------+-------------------------------------------
     0 | D:1      | whitewolfNL the Ogre Berserker began the quest for the Orb.
     0 | D:1      | Reached XP level 1. HP: 24/24 MP: 1/1
   218 | D:1      | Reached XP level 2. HP: 11/32 MP: 2/2
   824 | D:1      | Reached XP level 3. HP: 33/40 MP: 3/3
  1442 | D:1      | Reached ** piety under Trog
  1900 | D:2      | Found a bloodstained altar of Trog.
  1918 | D:2      | Noticed Natasha
  1927 | D:2      | Killed from afar by a white imp

Skill      XL: |  1  2  3 |
---------------+----------+-----
Dodging        | 3 |  3.0
Fighting       | |  4.5
Polearms       | |  3.7
Stealth        | |  0.5

Action                   || total
-------------------------++-------
Melee: Spear             ||   120
       Club              ||    20
Invok: Berserk           ||     1
  Use: Scroll            ||     4
  Eat: Ration            ||     1
       Chunk             ||     1
Armor: Animal skin       ||    47
Dodge: Dodged            ||    77
